 Dungeon Crawl Stone Soup version 0.30-a0-557-ge2afbf3030 (webtiles) character file.

Game seed: 5902090284997978363

158 billz999 the Skirmisher (level 5, -2/43 HPs)
             Began as a Gnoll Hunter on Dec 27, 2022.
             Was an Initiate of Gozag.
             Slain by Duvessa
             ... wielding a +0 short sword
              (9 damage)
             ... on level 4 of the Dungeon.
             The game lasted 00:04:06 (2608 turns).

billz999 the Skirmisher (Gnoll Hunter)              Turns: 2608, Time: 00:04:07

Health: -2/43      AC:  4    Str:  7    XL:     5   Next: 39%
Magic:  7/7        EV: 13    Int:  9    God:    Gozag
Gold:   138        SH:  5    Dex: 17    Spells: 2/7 levels left

rFire   + . .      SeeInvis .    b - +9 dagger of Subterfuge {spect, rF+ rN++ Str-5 Dex+2}
rCold   . . .      Faith    .    (no shield)
rNeg    + + .      Spirit   .    c - +1 leather armour
rPois   .          Reflect  +    (no helmet)
rElec   .          Harm     .    (no cloak)
rCorr   .          Rampage  .    (no gloves)
Will    .....                    (no boots)
Stlth   +                        e - amulet of reflection
HPRegen 0.27/turn                (no ring)
MPRegen 0.10/turn                (no ring)

@: silenced
A: fangs 1, strong nose, distributed training
a: Renounce Religion


You were on level 4 of the Dungeon.
You worshipped Gozag.
Gozag was aware of your devotion.
You visited 1 branch of the dungeon, and saw 4 of its levels.

You collected 169 gold pieces.
You paid 31 gold pieces to Gozag.

Inventory:

Hand Weapons
 a - a +0 shortbow
 b - the +9 dagger of Subterfuge (weapon) {spect, rF+ rN++ Str-5 Dex+2}
   (You took it off a goblin on level 3 of the Dungeon)

   When its wielder attacks, the weapon's spirit leaps out and strikes again.
   The spirit shares a part of any damage it takes with its wielder.
   Str:       It affects your strength (-5).
   Dex:       It affects your dexterity (+2).
   rF:        It protects you from fire.
   rN:        It greatly protects you from negative energy.
Armour
 c - a +1 leather armour (worn)
 q - a +2 pair of boots
Magical Staves
 k - a staff of air
Jewellery
 e - an amulet of reflection (around neck)
Wands
 p - a wand of paralysis (2)
Scrolls
 g - a scroll of enchant armour
 i - a scroll of fear
 l - a scroll of magic mapping
 m - a scroll of immolation
 o - a scroll of teleportation {unknown}
Potions
 d - 4 potions of flight {unknown}
 f - 3 potions of ambrosia {unknown}
 j - a potion of curing {unknown}


   Skills:
 + Level 4.8 Fighting
 + Level 1.5 Short Blades
 + Level 1.5 Long Blades
 + Level 1.5 Axes
 + Level 1.5 Maces & Flails
 + Level 1.5 Polearms
 + Level 1.5 Staves
 + Level 8.6 Ranged Weapons
 + Level 1.5 Throwing
 + Level 1.5 Armour
 + Level 4.8 Dodging
 + Level 2.8 Stealth
 + Level 1.5 Shields
 + Level 1.5 Unarmed Combat
 + Level 1.5 Spellcasting
 + Level 1.2 Conjurations
 + Level 1.2 Hexes
 + Level 1.2 Summonings
 + Level 1.2 Necromancy
 + Level 1.2 Translocations
 + Level 1.2 Transmutations
 + Level 1.2 Fire Magic
 + Level 1.2 Ice Magic
 + Level 1.2 Air Magic
 + Level 1.2 Earth Magic
 + Level 1.2 Poison Magic
 + Level 1.7 Invocations
 + Level 1.5 Evocations


You had 2 spell levels left.
You knew the following spells:

 Your Spells              Type           Power      Damage    Failure   Level
a - Ensorcelled Hibernat  Hex/Ice        4%         N/A       43%         2
b - Frozen Ramparts       Ice            4%         1d1       67%         3

Your spell library contained the following spells:

 Spells                   Type           Power      Damage    Failure   Level
 Foxfire                  Conj/Fire      8%         2x1d4     30%         1
 Freeze                   Ice            8%         1d3       30%         1
 Hailstorm                Conj/Ice       2%         3d3       67%         3
 Inner Flame              Hex/Fire       2%         N/A       67%         3
 Portal Projectile        Hex/Tloc       4%         N/A       67%         3
 Ice Form                 Ice/Tmut       2%         N/A       97%         4
 Fireball                 Conj/Fire      1%         3d3       100%        5
 Yara's Violent Unravell  Hex/Tmut       1%         3d3       100%        5
 Starburst                Conj/Fire      1%         6d3       100%        6
 Enfeeble                 Hex            1%         N/A       100%        7
 Simulacrum               Ice/Necr       Unusable   N/A       N/A         6

Dungeon Overview and Level Annotations

Branches:
Dungeon (4/15)             Temple (0/1) D:4

Altars:
Gozag
Trog

Annotations:
D:4 Duvessa


Innate Abilities, Weirdness & Mutations

You have very sharp teeth.
Your uncanny sense of smell can sniff out nearby items.
Your experience applies equally to all skills.


Message History

You are poisoned.
You shoot an arrow. The arrow hits Dowan!
You kill Dowan!
You hear a distant scream of rage.
You feel very sick.
You have reached level 5!
You feel sick.
You feel sick.
You feel sick.
You feel sick.
You feel sick.
You feel sick.
You feel sick.
You feel sick.
You are no longer poisoned.
You start resting.
Duvessa, Sister of Dowan comes into view.
She is wielding a +0 short sword and wearing a +3 leather armour of cold resistance.
Okay, then.
You feel weaker.
You feel agile.
You feel a bond with the +9 dagger of Subterfuge {spect, rF+ rN++ Str-5 Dex+2}.
b - the +9 dagger of Subterfuge (weapon)
{spect, rF+ rN++ Str-5 Dex+2} Duvessa shouts!
Duvessa goes berserk!
Duvessa hits you with a +0 short sword.
As you read the scroll labelled NOIRIE YPLOD, it crumbles to dust.
You feel aware of your surroundings.
You sensed 7 altars.
It was a scroll of magic mapping.
Duvessa closely misses you.
As you read the scroll labelled KIDUGO VIOMAST, it crumbles to dust.
It is a scroll of identify.
i - a scroll of fear Duvessa hits you with a +0 short sword.
Duvessa hits you with a +0 short sword!
* * * LOW HITPOINT WARNING * * *
Unknown command.
You can't see any enemies this would affect, really read the scroll of fear?
Okay, then.
As you read the scroll labelled ZOMISE XUDOC, it crumbles to dust.
A profound silence engulfs you.
It was a scroll of silence.
Duvessa hits you with a +0 short sword!
You die...
Your body crumbles into a pile of gold.

,,,,,,.# ***~~~****,**,,,
*****#.# *#+#* *,**,,, ****#..#
#.# *,**,,* ,8##..#* #.# *,,*,,,
,##..#* ### #.# **,*,,,
##..###########.## #.# *,*,,,
#..............#.####.# *,*,,,
...#...######.###.....# *,*,,*
.......# ##.#@####.######.#,,,
####...########e#####........#,,,
# ##............##...######.#***
############.##.### *,***, *.##.#
*,,,,* *.##$#* *****, *.##..***
** *.##[.?,* * *.##....* *


You could see Duvessa (berserk).

Vanquished Creatures
  Dowan (D:4)
  Ijyb (D:4)
  An adder (D:2)
  3 worms
  A dart slug (D:2)
  7 orcs (D:3)
  6 bats
  5 endoplasms
  3 giant cockroaches
  4 goblins
  5 hobgoblins
  8 kobolds
  4 quokkas
  4 ball pythons
  3 frilled lizards (D:3)
  4 rats
60 creatures vanquished.

Notes
Turn   | Place    | Note
-------+----------+-------------------------------------------
     0 | D:1      | billz999 the Gnoll Hunter began the quest for the Orb.
     0 | D:1      | Reached XP level 1. HP: 20/20 MP: 1/1
   243 | D:1      | Got the Quarto of Hexes
   286 | D:1      | Reached XP level 2. HP: 26/26 MP: 2/2
   860 | D:2      | Reached XP level 3. HP: 31/31 MP: 3/3
  1198 | D:2      | Reached skill level 1 in Invocations
  1251 | D:2      | Learned a level 2 spell: Ensorcelled Hibernation
  1369 | D:2      | Reached skill level 1 in Short Blades
  1369 | D:2      | Reached skill level 1 in Long Blades
  1369 | D:2      | Reached skill level 1 in Axes
  1369 | D:2      | Reached skill level 1 in Maces & Flails
  1369 | D:2      | Reached skill level 1 in Polearms
  1369 | D:2      | Reached skill level 1 in Staves
  1369 | D:2      | Reached skill level 1 in Throwing
  1369 | D:2      | Reached skill level 1 in Armour
  1369 | D:2      | Reached skill level 1 in Shields
  1369 | D:2      | Reached skill level 1 in Unarmed Combat
  1369 | D:2      | Reached skill level 1 in Spellcasting
  1369 | D:2      | Reached skill level 1 in Evocations
  1684 | D:3      | Reached XP level 4. HP: 38/38 MP: 5/5
  1820 | D:3      | Found a bloodstained altar of Trog.
  1924 | D:3      | Identified the +9 dagger of Subterfuge {spect, rF+ rN++
                  | Str-5 Dex+2}
  2025 | D:3      | Learned a level 3 spell: Frozen Ramparts
  2107 | D:3      | Found an opulent altar of Gozag.
  2116 | D:3      | Became a worshipper of Gozag Ym Sagoz the Greedy
  2300 | D:3      | Reached skill level 1 in Conjurations
  2300 | D:3      | Reached skill level 1 in Hexes
  2300 | D:3      | Reached skill level 1 in Summonings
  2300 | D:3      | Reached skill level 1 in Necromancy
  2300 | D:3      | Reached skill level 1 in Translocations
  2300 | D:3      | Reached skill level 1 in Transmutations
  2300 | D:3      | Reached skill level 1 in Fire Magic
  2300 | D:3      | Reached skill level 1 in Ice Magic
  2300 | D:3      | Reached skill level 1 in Air Magic
  2300 | D:3      | Reached skill level 1 in Earth Magic
  2300 | D:3      | Reached skill level 1 in Poison Magic
  2357 | D:4      | Noticed Ijyb
  2358 | D:4      | Paralysed by Ijyb for 5 turns
  2368 | D:4      | Paralysed by Ijyb for 3 turns
  2373 | D:4      | Killed Ijyb
  2562 | D:4      | Noticed Dowan
  2569 | D:4      | Killed Dowan
  2570 | D:4      | Reached XP level 5. HP: 26/43 MP: 7/7
  2604 | D:4      | Noticed Duvessa
  2608 | D:4      | Slain by Duvessa

Illustrated notes

Levels and vault maps discovered:
D:1:      roderic_chinese_lattice_arrival, layout_basic,
          chequers_serial_rivers_large_b
D:2:      layout_loops_ring, minmay_misc_feat_more_columns
D:3:      layout_loops_ring, nicolae_gozag_cash_rules_everything_around_me,
          trog_book
D:4:      layout_loops_ring, dreamdust_divine_triumvirate, minitemple,
          minmay_temple_entry_sparse_star, kennysheep_pointless_box,
          minivault_11, minmay_liquid_box, nicolae_elevator_lobby_plus,
          uniq_duvessa, uniq_ijyb

Skill      XL: |  1  2  3  4 |
---------------+-------------+-----
Invocations    | 1 |  1.7
Short Blades   | 1 |  1.5
Long Blades    | 1 |  1.5
Axes           | 1 |  1.5
Maces & Flails | 1 |  1.5
Polearms       | 1 |  1.5
Staves         | 1 |  1.5
Throwing       | 1 |  1.5
Armour         | 1 |  1.5
Shields        | 1 |  1.5
Unarmed Combat | 1 |  1.5
Spellcasting   | 1 |  1.5
Evocations     | 1 |  1.5
Conjurations   | 1 |  1.2
Hexes          | 1 |  1.2
Summonings     | 1 |  1.2
Necromancy     | 1 |  1.2
Translocations | 1 |  1.2
Transmutations | 1 |  1.2
Fire Magic     | 1 |  1.2
Ice Magic      | 1 |  1.2
Air Magic      | 1 |  1.2
Earth Magic    | 1 |  1.2
Poison Magic   | 1 |  1.2
Fighting       | |  4.8
Ranged Weapons | |  8.6
Dodging        | |  4.8
Stealth        | |  2.8

Action                   |  1- 3 |  4- 6 || total
-------------------------+-------+-------++-------
Melee: Dagger            |       |    20 ||    20
       Bite              |       |     1 ||     1
 Fire: Shortbow          |   112 |    49 ||   161
  Use: Scroll            |       |     5 ||     5
Armor: Leather armour    |     4 |     4 ||     8
Dodge: Dodged            |    20 |    18 ||    38
Block: Other             |     7 |    10 ||    17
       Reflection        |       |     1 ||     1

Table legend: (Time is in decaauts)
 A = Elapsed time spent in this place.
 B = Non-inter-level travel time spent in this place.
 C = Inter-level travel time spent in this place.
 D = Time resting spent in this place.
 E = Time spent auto-exploring this place.
 F = Levels seen in this place.
 G = Mean time per level.
                   A        B        C        D        E       F      G
               +--------+--------+--------+--------+--------+-----+--------+
         Total |   2650 |   2545 |    105 |     28 |   2168 |   4 |  662.5 |
       Dungeon |   2650 |   2545 |    105 |     28 |   2168 |   4 |  662.5 |
               +--------+--------+--------+--------+--------+-----+--------+

Top non-repeatable levels by time:
     D:2: 812 daAuts
     D:1: 798 daAuts
     D:3: 754 daAuts
     D:4: 284 daAuts
